TOP OF THE 1ST |
Reading Rainbows batting - Pitching for Kingston Iguanas : RHP Paço Boda
|
Pitching: RHP Paço Boda
|
|
Batting: RHB Ron King
|
0-0: Called Strike 0-1: SINGLE (Line Drive, 7LM)
|
Batting: LHB Richard Henry
|
0-0: Called Strike 0-1: Ball 1-1: Swinging Strike 1-2: Strikes out swinging Ron King steals 2nd base Batter strikes out.
|
Batting: LHB António Salazar
|
0-0: Ball 1-0: Called Strike 1-1: Foul Ball, location: 2F 1-2: Ball 2-2: Foul Ball, location: 2F 2-2: Fly out, F7 (Flyball, 78S)
|
Batting: RHB Ethan Moore
|
0-0: SINGLE (Line Drive, 6) Ron King to third Runner from 3rd tries for Home, throw and OUT!
|
Top of the 1st over - 0 run(s), 2 hit(s), 0 error(s), 1 left on base; Reading 0 - Kingston 0 |
BOTTOM OF THE 1ST |
Kingston Iguanas batting - Pitching for Reading Rainbows : RHP Matt Barlow
|
Pitching: RHP Matt Barlow
|
|
Batting: RHB Jesús Villalobos
|
0-0: Ball 1-0: Fly out, F5 (Line Drive, 5)
|
Batting: RHB Francisco Martínez
|
0-0: Swinging Strike 0-1: Called Strike 0-2: Fly out, F8 (Flyball, 8LM)
|
Batting: RHB Bobby Armstrong
|
0-0: Ball 1-0: Called Strike 1-1: Ball 2-1: Called Strike 2-2: Fly out, F8 (Flyball, 8RS)
|
Bottom of the 1st over - 0 run(s), 0 hit(s), 0 error(s), 0 left on base; Reading 0 - Kingston 0 |
TOP OF THE 2ND |
Reading Rainbows batting - Pitching for Kingston Iguanas : RHP Paço Boda
|
Batting: LHB Víctor Peña
|
0-0: Called Strike 0-1: Swinging Strike 0-2: Foul Ball, location: 2F 0-2: Fly out, F4 (Popup, 4D)
|
Batting: RHB Juan Magdayao
|
0-0: Ball 1-0: SINGLE (Groundball, 4D)
|
Batting: RHB Carlos Huerta
|
0-0: Ball 1-0: Called Strike Juan Magdayao steals 2nd base 1-1: Swinging Strike 1-2: Strikes out swinging
|
Batting: RHB Hubert Brown
|
0-0: Called Strike 0-1: Foul Ball, location: 2F 0-2: Ball 1-2: Strikes out swinging
|
Top of the 2nd over - 0 run(s), 1 hit(s), 0 error(s), 1 left on base; Reading 0 - Kingston 0 |
BOTTOM OF THE 2ND |
Kingston Iguanas batting - Pitching for Reading Rainbows : RHP Matt Barlow
|
Batting: RHB Luis Aguilar
|
0-0: Ball 1-0: Called Strike 1-1: Foul Ball, location: 2F 1-2: Ground out 6-3 (Groundball, 6)
|
Batting: RHB Tim Davis
|
0-0: Called Strike 0-1: Swinging Strike 0-2: Ball 1-2: Ball 2-2: Ball 3-2: Base on Balls
|
Batting: SHB Yasuhiro Ikarashi
|
0-0: Ball 1-0: Fly out, F7 (Flyball, 7)
|
Batting: RHB Matt Rodríguez
|
0-0: Called Strike 0-1: Ground out 5-3 (Groundball, 56S)
|
Bottom of the 2nd over - 0 run(s), 0 hit(s), 0 error(s), 1 left on base; Reading 0 - Kingston 0 |
TOP OF THE 3RD |
Reading Rainbows batting - Pitching for Kingston Iguanas : RHP Paço Boda
|
Batting: SHB Johnny Jackson
|
0-0: Ball 1-0: Fly out, F8 (Flyball, 78M)
|
Batting: RHB Ron King
|
0-0: Ground out 5-3 (Groundball, 56S)
|
Batting: LHB Richard Henry
|
0-0: Ball 1-0: Foul Ball, location: 2F 1-1: Called Strike 1-2: Strikes out swinging
|
Top of the 3rd over - 0 run(s), 0 hit(s), 0 error(s), 0 left on base; Reading 0 - Kingston 0 |
BOTTOM OF THE 3RD |
Kingston Iguanas batting - Pitching for Reading Rainbows : RHP Matt Barlow
|
Batting: SHB Devin Smith
|
0-0: Called Strike 0-1: SINGLE (Line Drive, 78M)
|
Batting: LHB Will Holt
|
0-0: Called Strike 0-1: Ball 1-1: Ball 2-1: Swinging Strike 2-2: Ball 3-2: Foul Ball, location: 2F 3-2: Foul Ball, location: 2F 3-2: Base on Balls Devin Smith to second
|
Batting: RHB Jesús Villalobos
|
0-0: Fly out, F6 (Popup, 6D)
|
Batting: RHB Francisco Martínez
|
0-0: SINGLE (Groundball, 3D) Devin Smith to third Will Holt to second Runner from 3rd tries for Home, SAFE, no throw
|
Batting: RHB Bobby Armstrong
|
0-0: Hit by Pitch Will Holt to third Francisco Martínez to second
|
Batting: RHB Luis Aguilar
|
0-0: Ball 1-0: Ball 2-0: Foul Ball, location: 2F 2-1: SINGLE (Line Drive, 4D) Will Holt scores Francisco Martínez to third Bobby Armstrong to second Runner from 3rd tries for Home, SAFE, throw made home
|
Batting: RHB Tim Davis
|
0-0: Called Strike 0-1: Ball 1-1: Ball 2-1: Called Strike 2-2: Ball 3-2: Foul Ball, location: 2F 3-2: Grounds into double play, 6-4-3 (Groundball, 56)
|
Bottom of the 3rd over - 3 run(s), 3 hit(s), 0 error(s), 1 left on base; Reading 0 - Kingston 3 |
TOP OF THE 4TH |
Reading Rainbows batting - Pitching for Kingston Iguanas : RHP Paço Boda
|
Batting: LHB António Salazar
|
0-0: Called Strike 0-1: Ball 1-1: Foul Ball, location: 2F 1-2: Foul Ball, location: 2F 1-2: Foul Ball, location: 2F 1-2: Foul Ball, location: 2F 1-2: Foul Ball, location: 2F 1-2: Ball 2-2: Fly out, F7 (Flyball, 7)
|
Batting: RHB Ethan Moore
|
0-0: Called Strike 0-1: Foul Ball, location: 2F 0-2: Strikes out swinging
|
Batting: LHB Víctor Peña
|
0-0: Swinging Strike 0-1: Ground out 5-3 (Groundball, 2L)
|
Top of the 4th over - 0 run(s), 0 hit(s), 0 error(s), 0 left on base; Reading 0 - Kingston 3 |
BOTTOM OF THE 4TH |
Kingston Iguanas batting - Pitching for Reading Rainbows : RHP Matt Barlow
|
Batting: SHB Yasuhiro Ikarashi
|
0-0: SOLO HOME RUN (Flyball, 9LD), Distance : 351 ft
|
Batting: RHB Matt Rodríguez
|
0-0: Foul Ball, location: 2F 0-1: Fly out, F4 (Line Drive, 4M)
|
Batting: SHB Devin Smith
|
0-0: Called Strike 0-1: Foul Ball, location: 2F 0-2: Ball 1-2: Ball 2-2: Foul Ball, location: 2F 2-2: Foul Ball, location: 2F 2-2: Ball 3-2: Ground out 5-3 (Groundball, 5S)
|
Batting: LHB Will Holt
|
0-0: Foul Ball, location: 2F 0-1: Swinging Strike 0-2: Ground out 4-3 (Groundball, 4)
|
Bottom of the 4th over - 1 run(s), 1 hit(s), 0 error(s), 0 left on base; Reading 0 - Kingston 4 |
TOP OF THE 5TH |
Reading Rainbows batting - Pitching for Kingston Iguanas : RHP Paço Boda
|
Batting: RHB Juan Magdayao
|
0-0: Called Strike 0-1: Called Strike 0-2: Ball 1-2: Ball 2-2: Ball 3-2: Foul Ball, location: 2F 3-2: SINGLE (Groundball, 5D)
|
Batting: RHB Carlos Huerta
|
0-0: Fly out, F9 (Flyball, 89XD)
|
Batting: RHB Hubert Brown
|
0-0: Ball Juan Magdayao is caught stealing 2nd base 1-0: Foul Ball, location: 2F 1-1: Ball 2-1: Ball 3-1: Foul Ball, location: 2F 3-2: Base on Balls
|
Batting: SHB Johnny Jackson
|
0-0: Called Strike 0-1: Called Strike 0-2: Strikes out swinging
|
Top of the 5th over - 0 run(s), 1 hit(s), 0 error(s), 1 left on base; Reading 0 - Kingston 4 |
BOTTOM OF THE 5TH |
Kingston Iguanas batting - Pitching for Reading Rainbows : RHP Matt Barlow
|
Batting: RHB Jesús Villalobos
|
0-0: Called Strike 0-1: Ball 1-1: Reached on error, E5 (Groundball, 56S)
|
Batting: RHB Francisco Martínez
|
0-0: Called Strike 0-1: SINGLE (Groundball, 34D) Jesús Villalobos to second Throwing error, E9 Jesús Villalobos scores Francisco Martínez to second
|
Batting: RHB Bobby Armstrong
|
0-0: Ground out 5-3 (Groundball, 56)
|
Batting: RHB Luis Aguilar
|
0-0: Foul Ball, location: 2F 0-1: Ball 1-1: Swinging Strike 1-2: Foul Ball, location: 2F 1-2: SINGLE (Groundball, 34D) Francisco Martínez to third
|
Batting: RHB Tim Davis
|
0-0: Ball 1-0: DOUBLE (Line Drive, 7LM) Francisco Martínez scores Luis Aguilar to third
|
Pitching: RHP Cory Powell
|
|
Batting: SHB Yasuhiro Ikarashi
|
0-0: Called Strike 0-1: Ball 1-1: Swinging Strike 1-2: Ball 2-2: SINGLE (Line Drive, 9S) Luis Aguilar scores Tim Davis to third Runner from 3rd tries for Home, SAFE, no throw
|
Batting: RHB Matt Rodríguez
|
0-0: Ball 1-0: Called Strike 1-1: Swinging Strike 1-2: Strikes out swinging
|
Batting: SHB Devin Smith
|
0-0: Called Strike 0-1: Ball 1-1: Called Strike 1-2: Ball 2-2: Foul Ball, location: 2F 2-2: Ball 3-2: Base on Balls Yasuhiro Ikarashi to second
|
Batting: LHB Will Holt
|
0-0: Called Strike 0-1: Ball 1-1: Ball 2-1: Ground out 2-3 (Groundball, 15S)
|
Bottom of the 5th over - 4 run(s), 4 hit(s), 2 error(s), 2 left on base; Reading 0 - Kingston 8 |
TOP OF THE 6TH |
Reading Rainbows batting - Pitching for Kingston Iguanas : RHP Paço Boda
|
Batting: RHB Ron King
|
0-0: Ball 1-0: Ball 2-0: Ball 3-0: Base on Balls
|
Batting: LHB Richard Henry
|
0-0: Called Strike 0-1: Ball 1-1: Fielders Choice at 2nd, 6-4 (Groundball, 6)
|
Batting: LHB António Salazar
|
0-0: Ball 1-0: Swinging Strike 1-1: Swinging Strike 1-2: Foul Ball, location: 2F 1-2: Foul Ball, location: 2F 1-2: SINGLE (Groundball, 34) (infield hit) Richard Henry to second
|
Pinch Runner at 1st Richard Case:
|
|
Batting: RHB Ethan Moore
|
0-0: Called Strike 0-1: Foul Ball, location: 2F 0-2: Strikes out swinging
|
Batting: LHB Víctor Peña
|
0-0: Reached on error, E1 (Groundball, 15) Richard Henry to third Richard Case to second
|
Batting: RHB Juan Magdayao
|
0-0: Foul Ball, location: 2F 0-1: Ball 1-1: SINGLE (Groundball, 6MD) Richard Henry scores Richard Case to third Víctor Peña to second Runner from 3rd tries for Home, SAFE, no throw
|
Batting: RHB Carlos Huerta
|
0-0: Called Strike 0-1: Called Strike 0-2: SINGLE (Flyball, 4D) Víctor Peña to third Juan Magdayao to second Runner from 3rd tries for Home, SAFE, throw made at trailing runner, SAFE at third!
|
Batting: RHB Hubert Brown
|
0-0: Called Strike 0-1: Ball 1-1: Foul Ball, location: 2F 1-2: Fly out, F7 (Line Drive, 7LM)
|
Top of the 6th over - 3 run(s), 3 hit(s), 1 error(s), 2 left on base; Reading 3 - Kingston 8 |
BOTTOM OF THE 6TH |
Kingston Iguanas batting - Pitching for Reading Rainbows : RHP Cory Powell
|
Now in CF: Richard Case
|
|
Batting: RHB Jesús Villalobos
|
0-0: Foul Ball, location: 2F 0-1: Foul Ball, location: 2F 0-2: Foul Ball, location: 2F 0-2: Strikes out swinging
|
Batting: RHB Francisco Martínez
|
0-0: Called Strike 0-1: Ball 1-1: Ground out 6-3 (Groundball, 6)
|
Batting: RHB Bobby Armstrong
|
0-0: Ball 1-0: Ball 2-0: Ball 3-0: Called Strike 3-1: Swinging Strike 3-2: SINGLE (Line Drive, 7S)
|
Batting: RHB Luis Aguilar
|
0-0: Swinging Strike 0-1: Fly out, F9 (Flyball, 9S)
|
Bottom of the 6th over - 0 run(s), 1 hit(s), 0 error(s), 1 left on base; Reading 3 - Kingston 8 |
TOP OF THE 7TH |
Reading Rainbows batting - Pitching for Kingston Iguanas : RHP Paço Boda
|
Batting: SHB Johnny Jackson
|
0-0: Swinging Strike 0-1: Ground out 1-3 (Groundball, 13)
|
Batting: RHB Ron King
|
0-0: Ball 1-0: Foul Ball, location: 2F 1-1: Ball 2-1: SINGLE (Groundball, 3D)
|
Pitching: RHP Ron Jenkins
|
|
Batting: LHB Richard Henry
|
0-0: Called Strike 0-1: Ball 1-1: Called Strike 1-2: Strikes out looking
|
Batting: RHB Richard Case
|
0-0: Ground out 5-3 (Groundball, 56S)
|
Top of the 7th over - 0 run(s), 1 hit(s), 0 error(s), 1 left on base; Reading 3 - Kingston 8 |
BOTTOM OF THE 7TH |
Kingston Iguanas batting - Pitching for Reading Rainbows : RHP Cory Powell
|
Batting: RHB Tim Davis
|
0-0: Ball 1-0: Swinging Strike 1-1: Called Strike 1-2: Strikes out swinging
|
Batting: SHB Yasuhiro Ikarashi
|
0-0: Foul Ball, location: 2F 0-1: Ball 1-1: Called Strike 1-2: Ball 2-2: Ball 3-2: Foul Ball, location: 2F 3-2: Foul Ball, location: 2F 3-2: Fly out, F7 (Flyball, 7LSF)
|
Batting: RHB Matt Rodríguez
|
0-0: Ball 1-0: Fly out, F9 (Flyball, 9LM)
|
Bottom of the 7th over - 0 run(s), 0 hit(s), 0 error(s), 0 left on base; Reading 3 - Kingston 8 |
TOP OF THE 8TH |
Reading Rainbows batting - Pitching for Kingston Iguanas : RHP Ron Jenkins
|
Batting: RHB Ethan Moore
|
0-0: Ball 1-0: Ball 2-0: Called Strike 2-1: Foul Ball, location: 2F 2-2: Foul Ball, location: 2F 2-2: Foul Ball, location: 2F 2-2: Ball 3-2: Strikes out swinging
|
Batting: LHB Víctor Peña
|
0-0: Called Strike 0-1: SINGLE (Groundball, 4S) (infield hit)
|
Batting: RHB Juan Magdayao
|
0-0: Ball 1-0: Foul Ball, location: 2F 1-1: SINGLE (Line Drive, 7S) Víctor Peña to second
|
Batting: RHB Carlos Huerta
|
0-0: Called Strike 0-1: Called Strike 0-2: Fly out, F4 (Line Drive, 4M)
|
Batting: RHB Hubert Brown
|
0-0: Ball 1-0: Fly out, F8 (Flyball, 89M)
|
Top of the 8th over - 0 run(s), 2 hit(s), 0 error(s), 2 left on base; Reading 3 - Kingston 8 |
BOTTOM OF THE 8TH |
Kingston Iguanas batting - Pitching for Reading Rainbows : RHP Cory Powell
|
Batting: SHB Devin Smith
|
0-0: Called Strike 0-1: Ball 1-1: Ball 2-1: Ball 3-1: Called Strike 3-2: Base on Balls
|
Pitching: LHP Don Carter
|
|
Batting: LHB Will Holt
|
0-0: Called Strike 0-1: Called Strike 0-2: Strikes out swinging
|
Batting: RHB Jesús Villalobos
|
0-0: Called Strike 0-1: Ball 1-1: Ball Wild Pitch! Devin Smith to second 2-1: Foul Ball, location: 2F 2-2: Ball 3-2: Base on Balls
|
Batting: RHB Francisco Martínez
|
0-0: Ball Devin Smith steals 3rd base Jesús Villalobos to second 1-0: Called Strike 1-1: Swinging Strike 1-2: Ball 2-2: Foul Ball, location: 2F 2-2: Ball 3-2: Base on Balls
|
Batting: RHB Bobby Armstrong
|
0-0: Ground out 5-3 (Groundball, 56S) Devin Smith scores Jesús Villalobos to third Francisco Martínez to second
|
Batting: RHB Luis Aguilar
|
0-0: Called Strike 0-1: Foul Ball, location: 2F 0-2: Ball 1-2: Ball 2-2: Fly out, F3 (Popup, 34)
|
Bottom of the 8th over - 1 run(s), 0 hit(s), 0 error(s), 2 left on base; Reading 3 - Kingston 9 |
TOP OF THE 9TH |
Reading Rainbows batting - Pitching for Kingston Iguanas : RHP Ron Jenkins
|
Batting: SHB Johnny Jackson
|
0-0: Ball 1-0: Ball 2-0: Ball 3-0: Called Strike 3-1: SINGLE (Flyball, 78S)
|
Batting: RHB Ron King
|
0-0: Ball 1-0: Called Strike 1-1: Ball 2-1: Swinging Strike 2-2: Foul Ball, location: 2F 2-2: Ball 3-2: Strikes out looking
|
Batting: LHB Richard Henry
|
0-0: Foul Ball, location: 2F 0-1: Ball 1-1: Ball 2-1: Swinging Strike 2-2: Ball 3-2: Strikes out swinging
|
Batting: RHB Richard Case
|
0-0: Foul Ball, location: 2F 0-1: Ball 1-1: Ball 2-1: Swinging Strike 2-2: Foul Ball, location: 2F 2-2: Foul Ball, location: 2F 2-2: SINGLE (Line Drive, 4) Johnny Jackson to second
|
Batting: RHB Ethan Moore
|
0-0: Ball 1-0: Called Strike 1-1: Ball 2-1: Foul Ball, location: 2F 2-2: Strikes out swinging
|
Top of the 9th over - 0 run(s), 2 hit(s), 0 error(s), 2 left on base; Reading 3 - Kingston 9 |
|